[Event "Betsys MČR v online bleskovém šachu 2021"]
[Site "Chess.com"]
[Date "2021.04.17"]
[Round "6"]
[White "fadamos"]
[Black "MilosJi"]
[Result "1-0"]
[WhiteElo "2285"]
[BlackElo "2572"]
[TimeControl "180+1"]
[EndTime "9:58:24 PDT"]
[Termination "Uživatel fadamos zvítězil na čas"]

1. e4 d5 2. exd5 Qxd5 3. Nc3 Qd6 4. d4 Nf6 5. Bc4 a6 6. a4 Nc6 7. Nge2 Bf5 8. O-O Nb4 9. Bf4 Qd7 10. Bb3 e6 11. Re1 Be7 12. Ng3 Bg6 13. h4 h6 14.
h5 Bh7 15. Qe2 c6 16. Rad1 O-O 17. Be5 Rfe8 18. Nce4 Nbd5 19. Nc5 Qc8 20. a5 Bf8 21. Nge4 Nxe4 22. Nxe4 f6 23. Bg3 Kh8 24. Nd6 Bxd6 25. Bxd6 Qd7 26. Bg3 Bg8 27. c4 Nc7 28. Bc2 Rad8 29.
Qe4 Re7 30. b4 Ne8 31. d5 cxd5 32. cxd5 e5 33. f4 Nd6 34. Qe2 e4 35. Bf2 Rde8 36.
Bc5 f5 37. Bb3 Bf7 38. Rc1 Rd8 39. Bb6 Rc8 40. Rxc8+ Qxc8 41. Bc5 Rd7 42. Rc1 Qd8 43. Qd1 Kh7 44. Ba4 Re7 45. Qd4 Bxh5 46. Bb6 Qf8 47.
Qc5 Rf7 48. Bc7 Nb5 49. Be5 Qxc5+ 50. bxc5 Rd7 51. Bxb5 axb5 52. c6 bxc6 53. dxc6 Rd8 54.
c7 Rc8 55. a6 Be8 56. a7 Bd7 57. Rd1 Bc6 58. Rd8 1-0

[Event "Betsys MČR v online bleskovém šachu 2021"]
[Site "Chess.com"]
[Date "2021.04.17"]
[Round "6"]
[White "tucnak64"]
[Black "KajaOl"]
[Result "1/2-1/2"]
[WhiteElo "2114"]
[BlackElo "2325"]
[TimeControl "180+1"]
[EndTime "9:58:25 PDT"]
[Termination "Remíza dohodou"]

1. Nf3 d5 2. g3 Nf6 3. Bg2 Bg4 4. O-O Nbd7 5. c4 c6 6. b3 e5 7. d3 Bd6 8. Bb2 O-O 9. Nbd2 Re8 10. h3 Bh5 11. e4 dxe4 12. dxe4 Nc5 13. Qe2 Ne6 14.
Rfe1 Qb6 15. Rad1 Rad8 16. Nf1 Bb4 17. Rxd8 Rxd8 18. Rc1 Nd4 19. Bxd4 Rxd4 20. g4 Rxe4 21. Ne3 Bg6 22. Nh4 Rd4 23. Nef5 Rd2 24. Qxe5 Qxf2+ 25. Kh1 h6 26. Qb8+ Bf8 27. Rf1 Qe2 28. Qxb7 Bxf5 29. Rxf5 Qe1+ 30. Kh2 Qxh4 31. Qxc6 Qe1 32. Qf3 Qe2 33.
Qxe2 Rxe2 34. Ra5 Re7 35. c5 g6 36. b4 Rc7 37. Ra6 Be7 38. Rc6 Rxc6 39. Bxc6 Bd8 40.
Bf3 Bc7+ 41. Kg2 Kf8 42. Kf2 Ke7 43. Ke3 Ke6 44. Kd3 Nd5 45. Kc4 Ne3+ 46. Kd3 Nd5 47. Kc4 Nf4 48. h4 Ke5 49. h5 Ne6 50. hxg6 fxg6 1/2-1/2

[Event "Betsys MČR v online bleskovém šachu 2021"]
[Site "Chess.com"]
[Date "2021.04.17"]
[Round "6"]
[White "MichalTrhal"]
[Black "Naty139"]
[Result "0-1"]
[WhiteElo "1924"]
[BlackElo "2241"]
[TimeControl "180+1"]
[EndTime "9:58:28 PDT"]
[Termination "Uživatel Naty139 zvítězil po vzdání soupeře"]

1. d4 d5 2. Bg5 h6 3. Bh4 Bf5 4. e3 a6 5. Bd3 Bxd3 6. Qxd3 c6 7.
Nf3 Qa5+ 8. c3 Nd7 9. O-O g5 10. Bg3 Ngf6 11. Nbd2 Bg7 12. Ne5 Qb5 13. c4 Qb6 14. c5 Qd8 15. f4 g4 16. Bh4 h5 17. e4 dxe4 18. Nxe4 Nxe4 19. Qxe4 Nf6 20. Bxf6 Bxf6 21. Rad1 Qd5 22. Qxd5 cxd5 23. b4 Rc8 24. Rc1 Kf8 25. a4 Kg7 26. Kf2 Bh4+ 27. g3 Bf6 28. Ke3 Bxe5 29. fxe5 h4 30. Rf4 hxg3 31. Rxg4+ Kf8 32.
hxg3 Rc6 33. Rf1 Rh2 34. Rgf4 Rh7 35. b5 axb5 36. axb5 Rg6 37. R1f3 Ke8 38. Kd3 Rgg7 39. Kc3 Rh3 40. Kb4 Rhxg3 41. Rxg3 Rxg3 42. Ka5 Rg6 43. Rh4 Kd7 44. b6 Rg1 45. Kb4 Rb1+ 46. Kc3 Rc1+ 47. Kd3 Rf1 48. Rh6 e6 49. Kc3 Kc6 50.
Rh7 Rf3+ 51. Kd2 Kb5 52. Rh8 Rf4 53. Rb8 Rxd4+ 54. Ke3 Re4+ 55. Kf3 Kc6 56. Rc8+ Kb5 57. Rc7 Rxe5 58. c6 Kxb6 59. Rxb7+ Kxc6 60. Rxf7 Rf5+ 0-1

[Event "Betsys MČR v online bleskovém šachu 2021"]
[Site "Chess.com"]
[Date "2021.04.17"]
[Round "6"]
[White "Patrik_Kohm"]
[Black "marosino"]
[Result "1-0"]
[WhiteElo "1385"]
[BlackElo "1568"]
[TimeControl "180+1"]
[EndTime "9:58:28 PDT"]
[Termination "Uživatel Patrik_Kohm zvítězil matem"]

1. e4 d5 2. exd5 Nf6 3. Nc3 Nxd5 4. Nxd5 Qxd5 5. Nf3 e5 6. b3 Bg4 7. Be2 Nc6 8. Bb2 O-O-O 9. O-O Nd4 10. Nxd4 Bxe2 11.
Nxe2 Bd6 12. d3 f5 13. c4 Qc6 14. Ng3 f4 15. Ne4 g5 16. Qg4+ Kb8 17. Nxd6 Qxd6 18. Qxg5 Rhg8 19. Qxe5 Qxd3 20. Qxf4 Rdf8 21. Qe3 Qg6 22. g3 Qg4 23. f4 h5 24. Qf3 Qg6 25.
Rfe1 h4 26. Kg2 hxg3 27. hxg3 Qc2+ 28. Re2 Qf5 29. Rae1 a6 30. Re5 Qc2+ 31. R1e2 Qg6 32. Rg5 Qh6 33. Rxg8 Rxg8 34. Re5 Qd6 35. Qd5 Qg6 36.
Qf3 Qc2+ 37. Qe2 Qg6 38. Rg5 Qf7 39. Rxg8+ Qxg8 40. Qe5 Qd8 41. Kf3 Qd3+ 42. Qe3 Qd1+ 43. Qe2 Qh1+ 44. Kg4 Qh6 45. Qe8+ Ka7 46. Qh5 Qe6+ 47.
f5 Qe2+ 48. Kg5 Qxb2 49. f6 Qxa2 50. f7 Qd2+ 51. Kg6 Qd3+ 52. Kg7 Qd7 53. Qc5+ b6 54. Qd5 Qg4+ 55. Kf8 Qxg3 56. Ke8 Qe3+ 57. Kd7 Qf4 58. Qe6 Qd4+ 59. Ke8 Qc3 60. f8=Q Qxb3 61. Qd7 Kb7 62. Qfe7 a5 63. Qxc7+ Ka6 64. Qa7# 1-0

[Event "Betsys MČR v online bleskovém šachu 2021"]
[Site "Chess.com"]
[Date "2021.04.17"]
[Round "6"]
[White "JIDEMONI"]
[Black "ffbp3q"]
[Result "0-1"]
[WhiteElo "1894"]
[BlackElo "2357"]
[TimeControl "180+1"]
[EndTime "9:58:30 PDT"]
[Termination "Uživatel ffbp3q zvítězil na čas"]

1. d4 Nf6 2. Nf3 e6 3. e3 b6 4.
Bd3 Bb7 5. O-O c5 6. c4 Be7 7. Nc3 d5 8. cxd5 exd5 9. b3 O-O 10. Bb2 Nbd7 11. Qe2 a6 12. Ne5 Qc7 13. f4 Rfd8 14.
Rac1 Nf8 15. Bb1 Qd6 16. Nd1 Rac8 17. Nf2 Ne4 18. Nxe4 dxe4 19. dxc5 bxc5 20. Rfd1 Qe6 21. Qc4 Bd5 22. Qe2 f6 23. Nc4 Bc6 24. Rxd8 Rxd8 25. Rd1 Bb5 26. Rxd8 Bxd8 27. Qd2 Bc7 28. Qc3 Qd5 29.
Bc2 Ne6 30. Nd2 Bd3 31. Bxd3 Qxd3 32. Qxd3 exd3 33. Kf2 f5 34. h3 Kf7 35. g4 g6 36.
e4 fxe4 37. Nxe4 Bxf4 38. Bc3 Ke7 39. Bd2 Be5 40. Be3 Nd4 41. Bxd4 Bxd4+ 42. Ke1 Ke6 43. Kd2 Ke5 44. Ng5 Kf4 45. Ne6+ Kg3 46. Nxd4 cxd4 47. Kxd3 Kxh3 48. b4 Kxg4 49. a4 h5 50. b5 axb5 51.
axb5 h4 52. b6 h3 53. b7 h2 54. b8=Q h1=Q 0-1

[Event "Betsys MČR v online bleskovém šachu 2021"]
[Site "Chess.com"]
[Date "2021.04.17"]
[Round "6"]
[White "avsokol"]
[Black "AJedlicka"]
[Result "0-1"]
[WhiteElo "2376"]
[BlackElo "2213"]
[TimeControl "180+1"]
[EndTime "9:58:31 PDT"]
[Termination "Uživatel AJedlicka zvítězil na čas"]

1. e4 c5 2. Nf3 d6 3. d4 cxd4 4.
Nxd4 Nf6 5. Nc3 a6 6. Bc4 e6 7. Bb3 Nbd7 8. Bg5 Nc5 9. O-O Be7 10. Re1 O-O 11. Qf3 Qc7 12. Rad1 b5 13. e5 dxe5 14.
Bxf6 Bxf6 15. Qc6 Qxc6 16. Nxc6 e4 17. Na5 Bxc3 18. bxc3 Bd7 19. Rd6 Rfc8 20. Red1 Be8 21. Kf1 Kf8 22. Ke2 Nxb3 23. cxb3 Rxc3 24. R1d2 g5 25. b4 Ke7 26. Rb6 Rc7 27. Ke3 f5 28. Rdd6 Bf7 29. Nb7 Rxb7 30. Rxb7+ Kxd6 31. Rxf7 h5 32. Rg7 g4 33. Rh7 Rc8 34. Ra7 Rc3+ 35. Kf4 Rc2 36. Rxa6+ Kd5 37. Kg3 f4+ 38. Kxf4 Rxf2+ 39. Kg3 Rb2 40. Rb6 Rxb4 41. Kf4 e5+ 42. Ke3 Rb1 43. g3 Re1+ 44. Kd2 Rh1 45. Ke3 Rxh2 46. Rxb5+ Ke6 47. a4 Kf5 48. a5 Rg2 49. a6 Rxg3+ 50. Kf2 Ra3 51. Rb6 e3+ 52. Ke2 g3 53. Kf3 h4 54.
Rh6 e2+ 55. Kxe2 Kg4 56. Kf1 h3 57. Rg6+ Kf3 58. Rf6+ Ke3 0-1

[Event "Betsys MČR v online bleskovém šachu 2021"]
[Site "Chess.com"]
[Date "2021.04.17"]
[Round "6"]
[White "Jindrich4321"]
[Black "Hroch-hroch"]
[Result "0-1"]
[WhiteElo "1930"]
[BlackElo "2250"]
[TimeControl "180+1"]
[EndTime "9:58:31 PDT"]
[Termination "Uživatel Hroch-hroch zvítězil na čas"]

1. d4 d5 2. Nf3 Nf6 3. Bf4 e6 4. e3 c5 5. c3 Nc6 6. Bd3 Bd6 7. Bg3 O-O 8. Nbd2 b6 9. Ne5 Ne7 10. f4 Nf5 11. Bf2 h5 12. Bxf5 exf5 13. Bh4 g6 14.
O-O Bb7 15. Ndf3 Be7 16. Bxf6 Bxf6 17. Qe2 Qe7 18. Qf2 Kg7 19. h3 Rh8 20. g3 a5 21.
Kg2 Qe6 22. a3 Be7 23. Rfe1 c4 24. Nd2 h4 25. g4 f6 26. gxf5 Qxf5 27. Ng4 Bd6 28. Re2 Rae8 29. Kh1 Re7 30. Rg1 Kf7 31. Qf3 b5 32. Rf2 Qd3 33. Rfg2 Rhe8 34. Nh6+ Kf8 35. Rxg6 Rxe3 36. Rg8+ Ke7 37. Rxe8+ Kxe8 38. Qh5+ Kd7 39. Qf7+ Kc6 40. Rg7 Rxh3+ 41. Kg2 Rg3+ 42. Rxg3 Qxg3+ 43. Kf1 h3 44. Qe8+ Kb6 45. Qd8+ Bc7 46. Qxf6+ Ka7 47.
Nf3 Qg2+ 48. Ke1 h2 49. Nxh2 Qxh2 50. Nf5 Qg1+ 51. Ke2 Qg2+ 52. Ke3 Qg3+ 53. Ke2 Bxf4 0-1

[Event "Betsys MČR v online bleskovém šachu 2021"]
[Site "Chess.com"]
[Date "2021.04.17"]
[Round "6"]
[White "Vitana"]
[Black "JanBaraCZE"]
[Result "0-1"]
[WhiteElo "1799"]
[BlackElo "1599"]
[TimeControl "180+1"]
[EndTime "9:58:32 PDT"]
[Termination "Uživatel JanBaraCZE zvítězil na čas"]

1. e4 c5 2. c3 Nc6 3. d4 cxd4 4. cxd4 Nf6 5. Nc3 d6 6. f3 g6 7. Be3 Bg7 8. Bc4 O-O 9. Nge2 a6 10. O-O b5 11.
Bd3 Bb7 12. d5 Ne5 13. a3 Rc8 14. Rc1 Nc4 15. Bxc4 Rxc4 16. Qd2 Nd7 17. Bh6 Rc8 18. Bxg7 Kxg7 19. Nd4 Ne5 20. f4 Nc4 21. Qf2 Rb8 22. f5 Qd7 23. Kh1 Ne5 24. Qg3 Nc4 25. Rc2 e6 26.
fxe6 fxe6 27. Rcf2 Rxf2 28. Qxf2 exd5 29. Qf6+ Kg8 30.
Nxd5 Bxd5 31. exd5 Ne3 32. Re1 Nxd5 33. Qf3 Qf7 34.
Qe4 Nf6 35. Qc6 Re8 36. Rf1 Qd7 37. Qxa6 Ne4 38. Kg1 d5 39. Qxb5 Qxb5 40. Nxb5 Nd2 41. Rd1 Nc4 42. Rxd5 Re1+ 43. Kf2 Rb1 44. b4 Rb2+ 45. Kg3 Ra2 46. Rc5 Nxa3 47. Nxa3 Rxa3+ 48. Kf2 Rb3 49. Rb5 Rb2+ 50. Kg3 Kf7 51. h3 Rb3+ 52.
Kg4 h5+ 0-1

[Event "Betsys MČR v online bleskovém šachu 2021"]
[Site "Chess.com"]
[Date "2021.04.17"]
[Round "6"]
[White "TarantAnk"]
[Black "EXTREME_STRATEGY007"]
[Result "1-0"]
[WhiteElo "1730"]
[BlackElo "1189"]
[TimeControl "180+1"]
[EndTime "9:58:32 PDT"]
[Termination "Uživatel TarantAnk zvítězil na čas"]

1. e4 c5 2. Nf3 Nc6 3. Nc3 e6 4.
d4 d5 5. exd5 exd5 6. dxc5 Bxc5 7. Qxd5 Qxd5 8. Nxd5 Bb6 9. Bb5 Bf5 10. c3 Ne7 11. Nxe7 Kxe7 12. O-O Rhd8 13. Re1+ Kf8 14.
Bf4 Bg4 15. Bxc6 bxc6 16. Ne5 Bd7 17. Rad1 Be6 18. Nxc6 Rxd1 19. Rxd1 Bxa2 20. Bd6+ Kg8 21. Ne7+ Kh8 22. Nf5 g6 23. Nd4 Bxd4 24. Rxd4 Kg7 25.
f3 f6 26. Ba3 Bf7 27. Kf2 Re8 28. Rd7 Kg8 29. Rxa7 Bc4 30. Re7 Rxe7 31. Bxe7 Kf7 32. Bc5 Ke6 33. Ke3 Kd5 34. Bd4 f5 35. g4 fxg4 36.
fxg4 g5 37. Bf6 h6 38. Bg7 Ke6 39. Bxh6 Kf6 40. Bf8 Be6 41. Kf3 Bd5+ 42. Kg3 Bb3 43. Bc5 Bc4 44. Bd4+ Kg6 45. b4 Bb5 46. h4 Bc4 47. h5+ Kh6 48. Bf6 Bb5 49. Kf2 Bc4 50. Ke3 Bb5 51. Ke4 Bc4 52. Kd4 Bb5 53. c4 Bd7 54. b5 Bxg4 55. c5 Kxh5 56. c6 Bc8 57. b6 g4 58. b7 Bxb7 59. cxb7 g3 60.
Be5 g2 61. Bh2 Kg4 62. Bg1 1-0

[Event "Betsys MČR v online bleskovém šachu 2021"]
[Site "Chess.com"]
[Date "2021.04.17"]
[Round "6"]
[White "czlolcz"]
[Black "Devasales"]
[Result "1-0"]
[WhiteElo "2187"]
[BlackElo "1832"]
[TimeControl "180+1"]
[EndTime "9:58:35 PDT"]
[Termination "Uživatel czlolcz zvítězil po vzdání soupeře"]

1. d4 d5 2. c4 e6 3. Nc3 Nf6 4. Bg5 Be7 5. e3 O-O 6. Qc2 c6 7. Nf3 Nbd7 8. O-O-O dxc4 9. Bxc4 b5 10. Bd3 a5 11. Kb1 Qb6 12. Bxh7+ Nxh7 13. Bxe7 Re8 14. Bd6 a4 15. h4 b4 16. Nxa4 Qa5 17. b3 Bb7 18.
Bc5 Nhf6 19. h5 Ba6 20. Ng5 Bb5 21. e4 Bxa4 22. bxa4 Qxa4 23. Qxa4 Rxa4 24. Rd2 Rea8 25. Rh3 Nxc5 26. dxc5 Ng4 27. Rf3 b3 28. Rxb3 f6 29. Nxe6 Kf7 30. Nd4 Nxf2 31. Rxf2 Rxd4 32. Re2 Rad8 33.
Kb2 Rd2+ 34. Rxd2 Rxd2+ 35. Kc3 Rxg2 36. Rb2 Rg3+ 37. Kd4 Ra3 38. Rh2 Kg8 39. Kc4 Kh7 40. Kb4 Re3 41. Rh4 Re2 42. a4 Kg8 43. Ka5 Kf7 44.
Kb6 Ke7 45. a5 Kd7 46. a6 Kc8 47. Ka7 Rb2 48. Rg4 Rc2 49. Rxg7 Rxc5 50. Kb6 Rc1 51. Rg8+ Kd7 52. Rg7+ Kd6 53. a7 Rb1+ 54. Ka6 Ra1+ 55. Kb7 Rb1+ 56. Kc8 Ra1 57. Kb8 Rb1+ 58. Rb7 Rxb7+ 59.
Kxb7 1-0

[Event "Betsys MČR v online bleskovém šachu 2021"]
[Site "Chess.com"]
[Date "2021.04.17"]
[Round "6"]
[White "Dvacetsekund"]
[Black "RadosC"]
[Result "1-0"]
[WhiteElo "2204"]
[BlackElo "2490"]
[TimeControl "180+1"]
[EndTime "9:58:37 PDT"]
[Termination "Uživatel Dvacetsekund zvítězil na čas"]

1. e4 c5 2. Nf3 Nc6 3. Nc3 e5 4. Bc4 Be7 5. d3 d6 6. Nd2 Nf6 7. Nf1 Nd7 8. Ne3 Nb6 9. O-O O-O 10. a4 Bg5 11. a5 Bxe3 12. axb6 Bxc1 13. Qxc1 Qxb6 14.
Nd5 Qd8 15. c3 Be6 16. f4 a6 17. f5 Bxd5 18. Bxd5 Qf6 19. Bxc6 bxc6 20. c4 Rfb8 21. Qc3 Rb4 22. Rf2 a5 23. b3 h6 24. Rfa2 Rab8 25. Rb1 a4 26. Rab2 Qg5 27. bxa4 Qe3+ 28. Kf1 Rxb2 29. Rxb2 Rxb2 30. Qxb2 Qxd3+ 31. Qe2 Qb1+ 32.
Kf2 Qa1 33. f6 Qxa4 34. Qg4 Qc2+ 35. Kf1 Qd3+ 36. Kf2 Qd2+ 37. Kf1 Qg5 38. Qc8+ Kh7 39. fxg7 Kxg7 40. Qxc6 Qc1+ 41. Kf2 Qc2+ 42. Kf3 Qd3+ 43.
Kf2 Qxc4 44. Qxd6 Qxe4 45. Qxc5 Qf4+ 46. Ke2 e4 47. Qd4+ Kg6 48. Qb6+ Qf6 49. Qe3 Qb2+ 50. Kf1 Qb1+ 51. Kf2 Qc2+ 52. Kg3 Qc4 53. Kf4 f5 54.
Qg3+ Kf6 55. Qh4+ Kg6 56. Qg3+ Kf7 57. Kxf5 1-0

[Event "Betsys MČR v online bleskovém šachu 2021"]
[Site "Chess.com"]
[Date "2021.04.17"]
[Round "6"]
[White "kol340"]
[Black "Michelangelo111"]
[Result "0-1"]
[WhiteElo "1825"]
[BlackElo "2127"]
[TimeControl "180+1"]
[EndTime "9:58:37 PDT"]
[Termination "Uživatel Michelangelo111 zvítězil matem"]

1. d4 Nf6 2. Nf3 e6 3. Bf4 b6 4.
e3 Bb7 5. c4 Bb4+ 6. Nbd2 O-O 7.
Bd3 Ne4 8. a3 Bxd2+ 9. Nxd2 f5 10. f3 Nxd2 11. Qxd2 d6 12. b4 Nd7 13. O-O Qe7 14.
e4 fxe4 15. fxe4 e5 16. Bg5 Qe6 17. d5 Qg6 18. Rxf8+ Rxf8 19. Rf1 Rxf1+ 20. Kxf1 h6 21. Bd8 Nf6 22. Qe2 Qf7 23. Bxf6 Qxf6+ 24. Qf3 Qxf3+ 25. gxf3 Kf7 26. Kf2 Kf6 27. Kg3 Bc8 28. f4 exf4+ 29. Kxf4 g5+ 30. Ke3 Ke5 31. Be2 Bd7 32. Bd1 Be8 33.
Be2 Bg6 34. Bd3 h5 35. a4 a5 36. bxa5 bxa5 37. Be2 h4 38. Bf3 Be8 39. Be2 Bd7 40. Bd3 g4 41. Be2 g3 42. hxg3 hxg3 43. Bf3 Bxa4 44. c5 dxc5 45. Bg2 Bc2 46. Kf3 Bxe4+ 47. Kxg3 Bxg2 48. Kxg2 Kxd5 49. Kf2 a4 50. Ke1 a3 51. Kd2 a2 52. Kc1 a1=Q+ 53. Kc2 Qd4 54. Kb3 Qd3+ 55. Kb2 c4 56. Kc1 Qe2 57. Kb1 Kd4 58.
Kc1 Kc3 59. Kb1 Qb2# 0-1

[Event "Betsys MČR v online bleskovém šachu 2021"]
[Site "Chess.com"]
[Date "2021.04.17"]
[Round "6"]
[White "Dejfos"]
[Black "misa2009"]
[Result "0-1"]
[WhiteElo "1776"]
[BlackElo "1521"]
[TimeControl "180+1"]
[EndTime "9:58:37 PDT"]
[Termination "Uživatel misa2009 zvítězil matem"]

1. e4 e5 2. Nf3 Nc6 3. Bc4 Nf6 4. d3 Be7 5. c3 O-O 6. O-O d6 7. Bb3 Bg4 8. Bc2 h6 9. Nbd2 a6 10. h3 Bh5 11. Re1 Re8 12. Nf1 Bg6 13. Ng3 Nd7 14. d4 exd4 15. cxd4 Nb6 16. b3 Bf6 17.
Bb2 Kh8 18. Rc1 Qe7 19. a4 Qd7 20. Nf5 Bxf5 21. exf5 a5 22. Bb1 Rxe1+ 23. Qxe1 Re8 24. Qd2 Kh7 25. Re1 Rxe1+ 26. Qxe1 Nd5 27. Qd2 Ndb4 28. d5 Ne5 29. Nxe5 Bxe5 30. Bxe5 dxe5 31. f6+ Kg8 32. fxg7 Kxg7 33. Be4 f5 34. Bb1 Qxd5 35. Qxd5 Nxd5 36. Bxf5 Kf6 37. Bc8 b6 38. Kf1 Ke7 39. Ke2 Kd6 40.
Bf5 Kc5 41. Kd2 Kb4 42. Be6 Nf4 43. Bc4 Nxg2 44. Kd3 Nf4+ 45. Ke4 Nxh3 46. Kxe5 Nxf2 47. Kf4 Nd1 48. Ke4 Nc3+ 49. Kf5 Nxa4 50. Be6 Nc5 51. Ke5 Nxb3 52. Kf4 a4 53. Ke3 a3 54. Ke2 Kc3 55.
Kd1 Kb2 56. Bxb3 Kxb3 57. Kd2 c5 58. Kd3 c4+ 59. Ke4 c3 60. Ke5 c2 61. Ke6 c1=Q 62.
Kf6 a2 63. Kg6 a1=Q 64. Kf7 Qe3 65. Kf8 Qf1+ 66. Kg7 Qg3+ 67. Kxh6 Qh1# 0-1

[Event "Betsys MČR v online bleskovém šachu 2021"]
[Site "Chess.com"]
[Date "2021.04.17"]
[Round "6"]
[White "Stalri"]
[Black "Krvelacny_krecek"]
[Result "0-1"]
[WhiteElo "2189"]
[BlackElo "2393"]
[TimeControl "180+1"]
[EndTime "9:58:38 PDT"]
[Termination "Uživatel Krvelacny_krecek zvítězil po vzdání soupeře"]

1. d4 d5 2. c4 c6 3. Nc3 Nf6 4. cxd5 cxd5 5. f3 Nc6 6. e4 e6 7. e5 Nd7 8. f4 Nb6 9. Nf3 Be7 10. Be2 Bd7 11. O-O Rc8 12. Kh1 Na5 13. Qe1 Nac4 14. b3 Na3 15. Bxa3 Bxa3 16. Nb5 Bxb5 17. Bxb5+ Kf8 18.
Qa5 Be7 19. Qxa7 Qc7 20. Qa5 Ra8 21. Rac1 Qd8 22. Qd2 g6 23. f5 exf5 24. Qh6+ Kg8 25.
a4 Bf8 26. Qd2 Kg7 27. h4 h5 28. e6 f6 29. a5 Nc8 30. Bd7 Bd6 31. b4 Ne7 32.
Rc2 Qb8 33. Rfc1 Qa7 34. Qe2 Bf4 35. Rb1 Rhd8 36. Qb5 Bd6 37. Rbc1 Qa6 38. Qxa6 bxa6 39. Ne1 Rab8 40. Nd3 g5 41. Nc5 gxh4 42. Nxa6 Ra8 43. b5 f4 44. Kg1 Nf5 45. Ra1 Nxd4 46. Rc6 Nxc6 47. Bxc6 f5 48. Bxa8 Rxa8 49. Kf2 Be5 50. Kf3 Bxa1 51. Kxf4 Kf6 52. b6 Be5+ 53. Kf3 Rxa6 54. b7 Rxa5 55. Kf2 Ra3 56. Ke2 Kxe6 57. Kf2 Rb3 58. Ke2 Rxb7 59. Kf2 Rb3 0-1

[Event "Betsys MČR v online bleskovém šachu 2021"]
[Site "Chess.com"]
[Date "2021.04.17"]
[Round "6"]
[White "elftom"]
[Black "reflexia64"]
[Result "1/2-1/2"]
[WhiteElo "1962"]
[BlackElo "2252"]
[TimeControl "180+1"]
[EndTime "9:58:40 PDT"]
[Termination "Remíza – nedostatek materiálu"]

1. c4 e5 2. Nc3 d6 3. g3 f5 4. d3 Nf6 5. Bg2 g6 6. e4 Bg7 7.
Nge2 O-O 8. Bg5 h6 9. Be3 Ng4 10. Qd2 Nxe3 11. Qxe3 Nc6 12. O-O Nd4 13. Qd2 c6 14.
Nxd4 exd4 15. Ne2 g5 16. f4 fxe4 17. Bxe4 Bh3 18. Bg2 Bxg2 19. Kxg2 Qe7 20. Rae1 Qe3 21. Qxe3 dxe3 22. fxg5 hxg5 23. b3 d5 24. Rxf8+ Rxf8 25. Rf1 Rxf1 26. Kxf1 Kf7 27. Kg2 Ke6 28. Kf3 d4 29. Ke4 c5 30. h4 gxh4 31. gxh4 Bf6 32. h5 Kf7 33. b4 b6 34. bxc5 bxc5 35. Kf5 Kg7 36. h6+ Kf7 37. h7 Bh8 38. Nf4 Kg7 39. Ke5 Kxh7+ 40. Kd5 Kh6 41. Kxc5 Kg5 42. Ne2 Kg4 43.
Kd6 Kf3 44. c5 Kxe2 45. c6 Kxd3 46. c7 e2 47. c8=Q Be5+ 48. Kxe5 e1=Q+ 49. Kd5 Qa5+ 50. Ke6 Qb6+ 51. Ke5 Qa5+ 52. Kf4 Kd2 53. Ke4 d3 54. Qc4 Qb6 55. Qxd3+ Kc1 56. a3 Kb2 57. Kd5 Qd8+ 58. Kc4 Qc7+ 59. Kb4 Qb6+ 60. Ka4 Qc6+ 61. Qb5+ Qxb5+ 62. Kxb5 Kxa3 63. Ka6 Kb3 64. Kxa7 1/2-1/2

[Event "Betsys MČR v online bleskovém šachu 2021"]
[Site "Chess.com"]
[Date "2021.04.17"]
[Round "6"]
[White "Bavorak15"]
[Black "Millbo64"]
[Result "1/2-1/2"]
[WhiteElo "1611"]
[BlackElo "1992"]
[TimeControl "180+1"]
[EndTime "9:58:41 PDT"]
[Termination "Remíza opakováním pozice"]

1. e4 c6 2. d4 d5 3. Nc3 dxe4 4. Nxe4 Bf5 5. Ng3 Bg6 6. h4 h6 7. h5 Bh7 8. Nf3 Nf6 9. Bd3 Bxd3 10. Qxd3 e6 11.
c4 Nbd7 12. Ne4 Nxe4 13. Qxe4 Nf6 14. Qd3 Bd6 15. Be3 Qc7 16. O-O-O O-O-O 17. Qb3 Bf4 18. Kb1 Bxe3 19. fxe3 Ne4 20. Ne5 Nf2 21. Rhf1 Nxd1 22.
Rxf7 Qb6 23. Qxd1 Qa5 24. c5 Qxc5 25. Qb3 Qb6 26. Qxe6+ Kb8 27. Nd7+ Rxd7 28. Qxd7 Rd8 29. Qe7 c5 30. Qe5+ Ka8 31. Qxc5 Qe6 32. Rf8 Qd7 33.
e4 a6 34. e5 Rxf8 35. Qxf8+ Ka7 36. Qc5+ b6 37. Qd6 Qf7 38. e6 Qf1+ 39. Kc2 Qxg2+ 40. Kc3 Qf3+ 41. Kc2 Qe2+ 42. Kb3 Qd1+ 43. Kc3 Qc1+ 44.
Kd3 Qb1+ 45. Ke3 Qe1+ 46. Kf4 Qf2+ 47. Ke5 Qg3+ 48. Kd5 Qf3+ 49. Kc4 Qe2+ 50. Kd5 Qf3+ 51. Kc4 Qe2+ 52. Kc3 Qe1+ 53. Kd3 Qd1+ 54. Ke3 Qc1+ 55. Kd3 Qf1+ 56. Kc3 Qf3+ 57. Kd2 Qg2+ 58. Kd3 Qh3+ 59. Kc2 Qf5+ 60. Kc3 Qf3+ 1/2-1/2

[Event "Betsys MČR v online bleskovém šachu 2021"]
[Site "Chess.com"]
[Date "2021.04.17"]
[Round "6"]
[White "MatyldaCZ"]
[Black "czechfant94"]
[Result "1-0"]
[WhiteElo "1404"]
[BlackElo "1595"]
[TimeControl "180+1"]
[EndTime "9:58:41 PDT"]
[Termination "Uživatel MatyldaCZ zvítězil matem"]

1. e4 e5 2. Nf3 Nc6 3. Bc4 Bc5 4. O-O Nf6 5. Nc3 O-O 6. d3 d6 7. Bg5 h6 8. Bh4 Bg4 9. h3 Be6 10. Bb3 a6 11. Re1 b5 12. Qd2 Nd4 13. Nxd4 Bxd4 14.
Nd5 Bxd5 15. Bxd5 Rb8 16. c3 Bb6 17. Rad1 Rc8 18. Bb7 Rb8 19. Bxa6 Qe7 20. Bxb5 Bxf2+ 21. Qxf2 Rxb5 22. Qd2 Rfb8 23. b3 Qe6 24. Bxf6 Qxf6 25. d4 exd4 26. cxd4 Rb4 27. Rf1 Qg6 28. Qe3 R4b7 29.
e5 dxe5 30. dxe5 Ra8 31. Rd7 Rxa2 32. Qf3 Raa7 33. Rxf7 Rb8 34. Qd5 Kh7 35. e6 Re8 36.
e7 Ra6 37. Re1 Rd6 38. Qc4 Rd2 39. Rf2 Rxf2 40. Kxf2 Qf6+ 41. Kg1 Rxe7 42. Qd3+ g6 43.
Rxe7+ Qxe7 44. Qc4 Qe3+ 45. Kh2 Qe5+ 46. Kh1 Qa1+ 47.
Kh2 Qe5+ 48. Kg1 Qe7 49. b4 Kg7 50. b5 Qf7 51. Qc6 Qe7 52. Qc3+ Kg8 53. Qc4+ Kg7 54. Qd4+ Kg8 55. Qd5+ Kg7 56. Qd4+ Qf6 57. Qc5 Qf7 58. Qe5+ Kg8 59. Kh2 g5 60. Qc5 Qf4+ 61. Kh1 Qf1+ 62. Kh2 Qf4+ 63. Kh1 Qd6 64. Qc4+ Kh7 65. Qc2+ Kg7 66.
Qc3+ Kg6 67. Qc2+ Kf7 68. Qf2+ Qf6 69. Qa2+ Kg6 70. Qc2+ Kh5 71. Qxc7 Qf1+ 72. Kh2 Qxb5 73. Qf7+ Kh4 74. g3# 1-0

[Event "Betsys MČR v online bleskovém šachu 2021"]
[Site "Chess.com"]
[Date "2021.04.17"]
[Round "6"]
[White "tondapesek"]
[Black "polik1112"]
[Result "0-1"]
[WhiteElo "1011"]
[BlackElo "1337"]
[TimeControl "180+1"]
[EndTime "9:58:47 PDT"]
[Termination "Uživatel polik1112 zvítězil matem"]

1. e4 e6 2. d4 d5 3. Nc3 Nf6 4. e5 Nfd7 5. Nf3 c5 6. dxc5 Bxc5 7. Be3 O-O 8. Bd3 Bxe3 9. fxe3 Qb6 10. Qc1 Nc6 11. O-O Ndxe5 12. Nxe5 Nxe5 13. Re1 Bd7 14. b3 Nxd3 15. cxd3 Rac8 16. Qd2 Rc7 17. Ne2 Rfc8 18. Nd4 e5 19. Nf3 Rc2 20. Qd1 Qc7 21. d4 e4 22. Ne5 Be6 23. Re2 Rc1 24. Rxc1 Qxc1 25. Qxc1 Rxc1+ 26. Kf2 f6 27. Nf3 exf3 28. Kxf3 h5 29.
Kg3 g5 30. h4 g4 31. Rf2 Kg7 32. Kf4 Rc3 33. Re2 b5 34. Rf2 a5 35. Re2 Kg6 36. Rf2 Bf5 37. Re2 Be4 38. Rd2 a4 39. bxa4 bxa4 40.
Rb2 Rc2 41. Rxc2 Bxc2 42. Kg3 Bb1 43. a3 Kf5 44. Kf2 Ke4 45. Ke2 f5 46. Kd2 Ba2 47. Ke2 Bc4+ 48. Kd2 f4 49. exf4 Kxf4 50. Kc3 Ke4 51. g3 Bb3 52. Kb4 Kf3 53. Kc5 Kxg3 54. Kd6 Kxh4 55. Ke5 g3 56. Kf4 g2 57. Kf3 g1=Q 58.
Kf4 Qg3+ 59. Kf5 Bc2+ 60. Ke6 Qg6+ 61. Kd7 Kg5 62. Kc7 h4 63. Kd7 h3 64. Kc7 h2 65.
Kb7 h1=Q 66. Kc7 Qhh7+ 67. Kb8 Qgg8# 0-1

[Event "Betsys MČR v online bleskovém šachu 2021"]
[Site "Chess.com"]
[Date "2021.04.17"]
[Round "6"]
[White "PavelNo"]
[Black "MiroslavBucek"]
[Result "1-0"]
[WhiteElo "1971"]
[BlackElo "1617"]
[TimeControl "180+1"]
[EndTime "9:58:59 PDT"]
[Termination "Uživatel PavelNo zvítězil na čas"]

1. e4 e5 2. Nf3 Nc6 3. Bb5 a6 4. Ba4 Nf6 5. d4 exd4 6. O-O Be7 7. Re1 O-O 8. e5 Nd5 9. Bb3 Nb6 10. Nxd4 Nxd4 11. Qxd4 d6 12. exd6 Bxd6 13. Bf4 Bxf4 14. Qxf4 Qd7 15. Nc3 Qc6 16. Rad1 Be6 17. Bxe6 fxe6 18.
Qe5 Rae8 19. Qe4 Qc5 20. Re2 c6 21. Rde1 Nd5 22. Nxd5 cxd5 23. Qe3 Qxe3 24. Rxe3 Rf6 25. Re5 Ref8 26. f3 Kf7 27. Rd1 Rd8 28. c3 b5 29.
a3 g6 30. Rd4 Rf5 31. Re2 e5 32. Rd1 Ke6 33. Ra1 g5 34. a4 d4 35. cxd4 Rxd4 36. axb5 axb5 37. Ra6+ Rd6 38. Ra7 h5 39. Rb7 Rd5 40.
Rb6+ Kd7 41. h3 Kc7 42. Rh6 h4 43. Rc2+ Kb7 44. Rcc6 Rd1+ 45. Kh2 Rf7 46. Rb6+ Ka7 47. Rxb5 Rb7 48. Rxb7+ Kxb7 49. Rg6 Rd2 50. Rxg5 Rxb2 51.
Rxe5 Kc6 52. Re4 Kd5 53. Rxh4 Ke5 54. Rh5+ Kf4 55. Rh4+ Ke3 56. Rg4 Rf2 57. h4 Ke2 58. h5 Kf1 59. h6 Re2 60. h7 Re8 61. Rh4 Rh8 62. g4 Kf2 63. g5 Kxf3 64. g6 Re8 65. g7 Re2+ 66. Kh3 1-0